 Dungeon Crawl Stone Soup version 0.31.0-32-g396128a36d (webtiles) character file.

Game seed: 16800973411870899760

144 601d51SH the Trooper (level 5, -5/47 HPs)
             Began as a Hill Orc Fighter on Apr 2, 2024.
             Succumbed to Terence's poison
             ... on level 3 of the Dungeon.
             The game lasted 00:02:48 (2007 turns).

601d51SH the Trooper (Hill Orc Fighter)             Turns: 2007, Time: 00:02:49

Health: -5/47      AC:  5    Str: 21    XL:     5   Next: 26%
Magic:  5/5        EV: 10    Int:  8    God:
Gold:   156        SH:  4    Dex: 10    Spells: 4/4 levels left

rFire   . . .        m - +0 hand axe (vamp)
rCold   . . .        c - +0 buckler
rNeg    . . .        o - +0 ring mail {Will+}
rPois   .            (no helmet)
rElec   .            (no cloak)
rCorr   .            (no gloves)
SInv    .            (no boots)
Will    +....        (no amulet) Stlth
                     (no ring)
HPRegen 0.27/turn    (no ring)
MPRegen 0.09/turn

%: no passive effects
@: lethally poisoned (-5 -> -39)
A: no striking features
a: no special abilities


You were on level 3 of the Dungeon.
You visited 1 branch of the dungeon, and saw 3 of its levels.

You collected 156 gold pieces.

Inventory:

Hand Weapons
 a - a +0 war axe
 m - a +0 vampiric hand axe (weapon)
Armour
 b - a +0 scale mail
 c - a +0 buckler (worn)
 o - a +0 ring mail of willpower (worn)
Talismans
 g - a serpent talisman
Scrolls
 f - a scroll of fog {unknown}
 h - a scroll of enchant armour {unknown}
 k - a scroll of amnesia {unknown}
 l - a scroll of torment {unknown}
 p - a scroll of vulnerability {unknown}
Potions
 d - a potion of might
 e - a potion of curing {unknown}
 i - a potion of attraction {unknown}
 j - a potion of heal wounds {unknown}
 n - 2 potions of brilliance {unknown}


   Skills:
 + Level 4.4 Fighting
 + Level 3.9 Axes
 + Level 4.1 Armour
 + Level 1.5 Dodging
 + Level 4.1 Shields


You had 4 spell levels left.
You didn't know any spells.
Your spell library contained the following spells:

 Spells                   Type           Power      Damage    Failure   Level
 Summon Blazeheart Golem  Fire/Summ      0%         N/A       100%        4
 Orb of Destruction       Conj           0%         9d5       100%        7
 Spellforged Servitor     Conj/Summ      0%         N/A       100%        7


Dungeon Overview and Level Annotations

Branches:
Dungeon (3/15)

Altars:

Annotations:
D:3 Terence


Message History

A goblin comes into view. It is wielding a +0 dagger.
You hit Terence.
Terence is moderately wounded.
A goblin comes into view. It is wielding a +0 club.
Terence barely misses you.
Terence hits you with a +1 short sword of venom!
You are poisoned.
A goblin comes into view. It is wielding a +0 club.
The goblin moves out of view.
You barely miss Terence.
Terence is moderately wounded.
You feel very sick.
Terence hits you with a +1 short sword of venom.
You are more poisoned.
You hit Terence but do no damage.
Terence is moderately wounded.
You feel very sick.
Terence hits you with a +1 short sword of venom.
You are lethally poisoned!
The goblin shouts!
You hit Terence.
You feel better.
Terence is moderately wounded.
You feel extremely sick.
A goblin comes into view. It is wielding a +0 dagger.
Terence barely misses you.
You hit Terence.
Terence is heavily wounded.
You feel very sick. Terence hits you but does no damage.
You are more poisoned.
You closely miss Terence.
Terence is heavily wounded.
* * * LOW HITPOINT WARNING * * *
You feel very sick.
Terence hits you with a +1 short sword of venom.
* * * LOW HITPOINT WARNING * * *
You are more poisoned.
You hit Terence but do no damage.
Terence is heavily wounded.
You die...

#..........# #.
##..........# #.
#......##+#.# ..
#...<..# #.# ###
#......+ #+#
#......##
#......'.'.
.#g#####......###..
gggggg@@........'
.#g##############


You could see Terence, a hobgoblin and 7 goblins.

Vanquished Creatures
  A bombardier beetle (D:2)
  Jessica (D:2)
  4 adders (D:2)
  2 dart slugs
  2 orcs (D:3)
  2 endoplasms
  A goblin (D:1)
  4 hobgoblins
  3 jackals (D:2)
  3 quokkas
  9 ball pythons
  6 bats
  3 frilled lizards
  A kobold (D:1)
  3 rats
45 creatures vanquished.

Notes
Turn   | Place    | Note
-------+----------+-------------------------------------------
     0 | D:1      | 601d51SH the Hill Orc Fighter began the quest for the Orb.
     0 | D:1      | Reached XP level 1. HP: 19/19 MP: 1/1
   176 | D:1      | Reached XP level 2. HP: 27/27 MP: 2/2
   825 | D:2      | Reached XP level 3. HP: 23/33 MP: 3/3
  1189 | D:2      | Reached skill level 1 in Dodging
  1189 | D:2      | Reached XP level 4. HP: 32/40 MP: 4/4
  1292 | D:2      | Noticed Jessica
  1297 | D:2      | Killed Jessica
  1384 | D:2      | Reached XP level 5. HP: 47/47 MP: 5/5
  1542 | D:2      | Found a faded altar of an unknown god.
  1999 | D:3      | Noticed Terence
  2007 | D:3      | Succumbed to Terence's poison

Illustrated notes

Levels and vault maps discovered:
D:1:      psy_arrival_statuary, layout_rooms, minmay_misc_feat_five,
          minmay_door_square, nicolae_houndstooth_variations
D:2:      minmay_chambers_of_twos, layout_rooms, nicolae_ecumenical_lake_church,
          hangedman_decor_diamond_cutter, kennysheep_cross_bottleneck,
          palyth_stone_intersect, uniq_jessica
D:3:      layout_basic, uniq_grinder, uniq_terence, uniq_crazy_yiuf_cottage,
          uniq_ijyb, uniq_robin

Skill      XL: |  1  2  3  4 |
---------------+-------------+-----
Axes           | 3 |  3.9
Fighting       | 4 |  4.4
Dodging        | 1 |  1.5
Armour         | 4 |  4.1
Shields        | 4 |  4.1

Action                     |  1- 3 |  4- 6 || total
---------------------------+-------+-------++-------
  Melee: War axe           |    97 |    20 ||   117
         Hand axe          |       |    48 ||    48
 Armour: Scale mail        |    71 |    23 ||    94
         Ring mail         |       |    13 ||    13
  Dodge: Dodged            |    47 |    31 ||    78
  Block: Buckler           |    25 |    13 ||    38
